Cogmind - Beta 14 @@@ ROGUE MODE // 2024.11.29 @ 22:36:45 Player: UnderDoug Result: Destroyed by B-75 Beast with Heavy Plasma Cannon Performance ------------- Evolutions (1) 500 Regions Visited (6) 1200 Robots Destroyed (68) 340 Value Destroyed (1888) 1888 Prototype IDs (9) 180 Alien Tech Used (0) 0 Bonus (728) 728 TOTAL SCORE: 4836 Bonus ------- High Alert Combat Kills 11 Follower Combat Kills 117 Met Imprinter 300 Was Imprinted 300 Cogmind --------- Core Integrity 0/400 Matter 217/300 Energy 188/195 System Corruption 0% Temperature Cool (15) Movement Treading (163) Location -6/Proximity Caves Parts ------- > --- POWER (2) -------- Light Ion Engine Makeshift Power Source > --- PROPULSION (3) --- Light Treads Armored Treads Medium Treads > --- UTILITY (2) ------ Thermal Generator Large Storage Unit > --- WEAPON (2) ------- High-powered Shotgun Barrage Gun > --- INVENTORY (15) --- Reinforced Ion Engine Aluminum Leg Improved Carbon-fiber Leg Makeshift Leg High-capacity Matter Pod (200) Light Armor Plating Makeshift Light Armor Plating Riot Gun Spread Laser Makeshift Shrapnel Gun Battle Cannon Improved Grenade Launcher Mining Laser Enhanced Flamer Makeshift Axe Peak State ------------ > --- POWER ------------ Light Nuclear Core Makeshift Power Source > --- PROPULSION ------- Aluminum Leg Improved Carbon-fiber Leg Makeshift Leg > --- UTILITY ---------- Thermal Generator Large Storage Unit > --- WEAPON ----------- High-powered Shotgun Makeshift Shrapnel Gun > --- INVENTORY -------- Light Ion Engine Reinforced Ion Engine Light Treads Light Treads High-capacity Matter Pod Light Armor Plating Makeshift Light Armor Plating Riot Gun Spread Laser Barrage Gun Battle Cannon Rocket Launcher Mining Laser Enhanced Flamer Makeshift Axe [Rating: 30] Favorites ----------- Power Light Ion Engine Engine Light Ion Engine Power Core Light Nuclear Core Propulsion Aluminum Leg Treads Light Treads Leg Aluminum Leg Wheel Compact Wheel Utility Large Storage Unit Device Thermal Generator Storage Large Storage Unit Processor Improved Targeting Computer Protection Medium Armor Plating Weapon Light Assault Rifle Energy Gun Spread Laser Energy Cannon Heavy Particle Cannon Ballistic Gun Light Assault Rifle Launcher Grenade Launcher Special Weapon Enhanced Flamer Slashing Weapon Mining Claw Build | -11 -10 -10 -9 -9 -7 -6 ------- Run | Yrd Mat Min Mat Min Zio Pro Slots Evolved 2 | . . . 2 . . . Power 1 | . . . 1 . . . Propulsion 1 | . . . 1 . . . Utility . | . . . . . . . Weapon . | . . . . . . . Parts Attached 84 | 6 9 4 51 1 6 7 Power 15 | 1 1 2 8 . 1 2 Engine 13 | 1 1 2 7 . 1 1 Core 2 | . . . 1 . . 1 Reactor . | . . . . . . . Propulsion 33 | 2 1 2 22 . 2 4 Treads 15 | 2 1 . 8 . . 4 Leg 12 | . . . 10 . 2 . Wheel 6 | . . 2 4 . . . Hover . | . . . . . . . Flight . | . . . . . . . Utility 12 | 1 3 . 7 . 1 . Device 2 | . . . 1 . 1 . Storage 6 | 1 3 . 2 . . . Processor 1 | . . . 1 . . . Hackware . | . . . . . . . Protection 3 | . . . 3 . . . Artifact . | . . . . . . . Weapon 24 | 2 4 . 14 1 2 1 Energy Gun 3 | . . . 2 1 . . Energy Cannon 1 | . . . 1 . . . Ballistic Gun 14 | 2 3 . 6 . 2 1 Ballistic Cannon . | . . . . . . . Launcher 3 | . . . 3 . . . Special Weapon 2 | . . . 2 . . . Impact Weapon . | . . . . . . . Slashing Weapon 1 | . 1 . . . . . Piercing Weapon . | . . . . . . . Special Melee Weapon . | . . . . . . . Unidentified Prototypes . | . . . . . . . Parts Lost 13 | . . 2 10 . . 1 Power 3 | . . 1 1 . . 1 Propulsion 5 | . . 1 4 . . . Utility 2 | . . . 2 . . . Weapon 3 | . . . 3 . . . Highest Loss Streak 2 | . . 2 2 . . 1 To Critical Strikes . | . . . . . . . Average Slot Usage (%) 95 | . 93 98 91 99 99 99 Engine 14 | . 14 13 18 11 11 11 Core 5 | . . . 3 11 11 10 Treads 7 | . 27 10 6 . . . Leg 18 | . . . 15 33 33 32 Wheel 3 | . . 16 3 . . . Device 2 | . . . 1 . 3 11 Storage 18 | . 22 28 13 22 18 11 Protection 1 | . . . 5 . . . Energy Gun 7 | . . . 4 21 17 . Energy Cannon 1 | . . . 3 . . . Ballistic Gun 9 | . 23 14 6 . 4 22 Slashing Weapon 4 | . 4 14 5 . . . Peak Build Rating 30 | 6 8 8 18 15 30 30 Average Rating 15 | 3 6 7 14 14 24 29 On Entrance 11 | . 6 8 8 15 15 30 Naked Turns . | . . . . . . . Heaviest Build 50 | 13 30 30 50 36 41 41 Greatest Support 68 | 40 40 40 40 30 48 68 Greatest Overweight (x) 14 | . . 1 14 1 1 . Average Overweight (x) . | . . . 1 1 . . Largest Inventory Capacity 15 | 8 15 15 15 15 15 15 Average Capacity 14 | 6 13 15 15 15 15 15 Most Carried 15 | 8 14 15 15 15 15 15 Average Carried 13 | 4 9 14 13 14 14 14 Final Capacity 15 | 8 15 15 15 15 15 15 Final Carried 15 | 6 14 14 14 15 15 15 Class Distribution -------------------- 49% | Mutant 35% | Scavenger-Mutant 15% | Derelict-Mutant Dominant Class ---------------- Mutant | -10/Materials Mutant | -10/Mines Scavenger-Mutant | -9/Materials Scavenger-Mutant | -9/Mines Mutant | -7/Zion Derelict-Mutant | -6/Proximity Caves Resources | -11 -10 -10 -9 -9 -7 -6 ----------- Run | Yrd Mat Min Mat Min Zio Pro Matter Collected 1771 | 173 481 172 833 10 50 52 Remotely . | . . . . . . . Salvage Created 2427 | . 378 157 1722 56 . 114 Parts 152 | . 31 11 106 . . 4 Haulers Intercepted . | . . . . . . . Recyclers Shooed 2 | . . . 2 . . . Parts Field Recycled . | . . . . . . . Retrieved Matter . | . . . . . . . Parts Self-Destructed 12 | . . . . . . 12 Prevented 1 | . . . . . . 1 Kills | -11 -10 -10 -9 -9 -7 -6 ------- Run | Yrd Mat Min Mat Min Zio Pro Combat Hostiles Destroyed 60 | . 10 6 40 1 . 3 Melee 3 | . . 2 1 . . . Guns 36 | . 10 4 18 1 . 3 Cannons 17 | . . . 17 . . . AOE 4 | . . . 4 . . . Classes Destroyed 10 | . 4 1 4 . . 1 Worker 2 | . 1 . 1 . . . Builder 1 | . . . 1 . . . Recycler 2 | . . . 2 . . . Drone 1 | . . . . . . 1 Watcher 5 | . 2 . 3 . . . Swarmer 13 | . 3 3 7 . . . Grunt 34 | . 7 2 23 . . 2 Brawler 1 | . . . 1 . . . Sentry 9 | . . . 9 . . . Assembled 1 | . . 1 . . . . Best Kill Streak 6 | . 4 3 6 1 . 2 Combat Bots Only 6 | . 4 3 6 1 . 2 Max Kills in Single Turn 3 | . 1 1 3 1 . 1 Gunslinging . | . . . . . . . Exploded 3 | . . . 3 . . . Melee 1 | . . 1 1 . . . Uniques/NPCs Destroyed 1 | . . . . 1 . . YI-UF0 (-9/Mines) Combat | -11 -10 -10 -9 -9 -7 -6 -------- Run | Yrd Mat Min Mat Min Zio Pro Hostile Shots Fired 375 | . 54 35 245 6 . 35 Missed 109 | . 12 6 73 4 . 14 Damage Taken 3515 | . 485 327 2274 73 . 356 Core 656 | . 113 123 323 13 . 84 Absorbed by Shields . | . . . . . . . Regen/Repaired (Parts) 229 | . 124 . 105 . . . Core Remaining (%) 52 | 100 . 5 . . . . Volleys Fired 244 | . 50 18 167 1 . 8 Largest 2 | . 2 1 2 2 . 2 Hottest 130 | . 40 20 130 130 . 53 Shots Fired 341 | . 90 18 216 2 . 15 Gun 260 | . 90 18 135 2 . 15 Cannon 53 | . . . 53 . . . Launcher 12 | . . . 12 . . . Special 16 | . . . 16 . . . Kinetic 235 | . 90 18 112 . . 15 Thermal 94 | . . . 92 2 . . Explosive 12 | . . . 12 . . . Electromagnetic . | . . . . . . . Robot Hit Streak 13 | . 6 6 13 3 . 3 Robot Miss Streak 9 | . 6 4 9 2 . 8 Penetration Max . | . . . . . . . Secondary Targets 4 | . 3 . . . . 1 Max Gunslinging Chain 1 | . 1 . . . . 1 Shots Hit Robots 227 | . 45 14 159 2 . 7 Core Hits 133 | . 24 8 94 1 . 6 Critical Kills 1 | . . 1 . . . . Critical Parts Destroyed . | . . . . . . . Critical Strikes 3 | . . 1 2 . . . Burn 2 | . . . 2 . . . Destroy 1 | . . 1 . . . . Melee Attacks 16 | . . 7 9 . . . Impact . | . . . . . . . Slashing 16 | . . 7 9 . . . Piercing . | . . . . . . . Sneak Attacks 1 | . . . 1 . . . Combat Hostiles . | . . . . . . . Follow-up Attacks . | . . . . . . . Damage Inflicted 3064 | . 400 184 2349 20 . 111 Guns 1500 | . 396 86 887 20 . 111 Cannons 775 | . . . 775 . . . Explosions 367 | . . . 367 . . . Melee 285 | . . 98 187 . . . Ramming 12 | . 4 . 8 . . . Kinetic 1262 | . 396 86 669 . . 111 Thermal 1138 | . . . 1118 20 . . Explosive 367 | . . . 367 . . . Electromagnetic . | . . . . . . . Impact . | . . . . . . . Slashing 285 | . . 98 187 . . . Piercing . | . . . . . . . Highest Corruption 1 | . 1 1 . . . . Average Corruption 1 | . 1 1 . . . . Corruption Purged . | . . . . . . . Corruption Blocked . | . . . . . . . Effects 7 | . 1 6 . . . . Message Errors 2 | . . 2 . . . . Matter Fused 2 | . 1 1 . . . . Heat Flow Errors 2 | . . 2 . . . . Energy Discharges 1 | . . 1 . . . . Overload Shots . | . . . . . . . Overflow Damage 38 | . . . 38 . . . Projectiles . | . . . . . . . Explosions 38 | . . . 38 . . . Melee . | . . . . . . . Knockbacks . | . . . . . . . Impact . | . . . . . . . Kinetic . | . . . . . . . Secondary . | . . . . . . . Self-Inflicted Damage 56 | . . . 56 . . . Shots 6 | . . . 6 . . . Rammed 2 | . 2 . . . . . Targets Rammed 4 | . 3 . 1 . . . Kicked 1 | . . . 1 . . . Crushed 1 | . 1 . . . . . Highest Temperature 455 | . 18 245 455 81 . 48 Average Temperature 95 | . 8 102 103 44 . 16 Received Heat Transfer 1455 | . 207 135 1062 . . 51 Effects 16 | . . . 16 . . . Shutdowns 7 | . . . 7 . . . Energy Bleed 5 | . . . 5 . . . Interference 2 | . . . 2 . . . Matter Decay 1 | . . . 1 . . . Damage (minor) 1 | . . . 1 . . . Siege Activations . | . . . . . . . Robots Corrupted . | . . . . . . . Combat Hostiles . | . . . . . . . Parts Fried . | . . . . . . . Impact Corruptions . | . . . . . . . Robots Melted . | . . . . . . . Combat Hostiles . | . . . . . . . Parts Melted 6 | . . . 6 . . . Heat Transferred 2744 | . . . 2702 42 . . Parts Sabotaged . | . . . . . . . Parts Stolen . | . . . . . . . Parts Stripped . | . . . . . . . Power Chain Reactions . | . . . . . . . Alert | -11 -10 -10 -9 -9 -7 -6 ------- Run | Yrd Mat Min Mat Min Zio Pro Peak Influence 460 | . 252 127 460 165 . . Initial 165 | . . 27 . 165 . . Average 135 | . 105 39 208 60 . . Maximum Alert Level 2 | . 1 . 2 . . . Low Security (%) 77 | 100 87 100 58 100 . . Level 1 11 | . 12 . 20 . . . Level 2 10 | . . . 21 . . . Level 3 . | . . . . . . . Level 4 . | . . . . . . . Level 5 . | . . . . . . . High Security . | . . . . . . . Max Security . | . . . . . . . Squads Dispatched 12 | . 4 . 8 . . . Investigation 8 | . 2 . 6 . . . Extermination . | . . . . . . . Reinforcement 4 | . 2 . 2 . . . Assault . | . . . . . . . Garrison . | . . . . . . . Intercept . | . . . . . . . Searches Triggered . | . . . . . . . Construction Impeded . | . . . . . . . Haulers Reinforced . | . . . . . . . Active Scanning Responses . | . . . . . . . Cargo Convoy Interrupts . | . . . . . . . Stealth | -11 -10 -10 -9 -9 -7 -6 --------- Run | Yrd Mat Min Mat Min Zio Pro Distress Signals 6 | . . . 6 . . . Communications Jammed . | . . . . . . . Distress Signals . | . . . . . . . Times Spotted 99 | . 19 10 59 1 . 10 Peak Tracking Total 6 | . 4 3 6 1 . 4 Tactical Retreats 6 | . . 3 3 . . . Traps | -11 -10 -10 -9 -9 -7 -6 ------- Run | Yrd Mat Min Mat Min Zio Pro Traps Triggered 6 | . 2 . 4 . . . Indirectly . | . . . . . . . Trap Hack Attempts . | . . . . . . . Triggered . | . . . . . . . Disarmed . | . . . . . . . Reprogrammed . | . . . . . . . Reused . | . . . . . . . Traps Extracted . | . . . . . . . Installed . | . . . . . . . Triggered . | . . . . . . . Machines | -11 -10 -10 -9 -9 -7 -6 ---------- Run | Yrd Mat Min Mat Min Zio Pro Machines Disabled 1 | . . . 1 . . . Max in Single Turn 1 | . . . 1 . . . Machines Repaired . | . . . . . . . Machines Dismantled . | . . . . . . . Machines Sabotaged . | . . . . . . . Overloaded Fab Kills . | . . . . . . . Hacking | -11 -10 -10 -9 -9 -7 -6 --------- Run | Yrd Mat Min Mat Min Zio Pro Machines Accessed 20 | . 7 1 11 1 . . Terminals 16 | . 5 1 9 1 . . Fabricators . | . . . . . . . Repair Stations 2 | . 1 . 1 . . . Recycling Units 1 | . 1 . . . . . Scanalyzers 1 | . . . 1 . . . Garrison Access . | . . . . . . . Total Hacks 61 | . 30 2 28 1 . . Successful 32 | . 17 . 15 . . . Failed 27 | . 12 2 12 1 . . Catastrophic 5 | . 2 1 1 1 . . Database Lockouts 2 | . 1 . 1 . . . Manual 1 | . . . . . 1 . Terminals 48 | . 23 2 22 1 . . Fabricators . | . . . . . . . Repair Stations 6 | . 3 . 3 . . . Recycling Units 4 | . 4 . . . . . Scanalyzers 3 | . . . 3 . . . Garrison Access . | . . . . . . . Terminal Hacks 23 | . 12 . 11 . . . Record 7 | . 4 . 3 . . . Robot Analysis 2 | . . . 2 . . . Prototype ID Bank 4 | . 2 . 2 . . . Branch Access Points 1 | . 1 . . . . . Alert Level 1 | . 1 . . . . . Unreport Threat 1 | . . . 1 . . . Locate Traps 1 | . 1 . . . . . Dispatch Records 1 | . . . 1 . . . Maintenance Status 1 | . . . 1 . . . Security Status 1 | . . . 1 . . . Hauler Manifests 1 | . 1 . . . . . Zone Layout 2 | . 2 . . . . . Fabricator Hacks . | . . . . . . . Repair Station Hacks 4 | . 2 . 2 . . . Scan Component 2 | . 1 . 1 . . . Repair 2 | . 1 . 1 . . . Recycling Unit Hacks 3 | . 3 . . . . . Recycle Component 1 | . 1 . . . . . Process 1 | . 1 . . . . . Report Inventory 1 | . 1 . . . . . Scanalyzer 2 | . . . 2 . . . Insert Component 1 | . . . 1 . . . Analyze 1 | . . . 1 . . . Garrison Access Hacks . | . . . . . . . Unauthorized Hacks . | . . . . . . . Terminals . | . . . . . . . Fabricators . | . . . . . . . Repair Stations . | . . . . . . . Recycling Units . | . . . . . . . Scanalyzers . | . . . . . . . Garrison Access . | . . . . . . . Data Cores Recovered . | . . . . . . . Used . | . . . . . . . Hacking Detections 15 | . 6 1 7 1 . . Full Trace Events 4 | . 2 . 2 . . . Feedback Events 1 | . 1 . . . . . Corruption 1 | . 1 . . . . . Feedback Blocked . | . . . . . . . Robot Schematics Acquired . | . . . . . . . Robots Built . | . . . . . . . Authchips . | . . . . . . . Time . | . . . . . . . Total Robot Build Rating . | . . . . . . . Part Schematics Acquired . | . . . . . . . Parts Built . | . . . . . . . Authchips . | . . . . . . . Time . | . . . . . . . Total Part Build Rating . | . . . . . . . Parts Repaired 2 | . 1 . 1 . . . Time 39 | . 13 . 26 . . . Parts Recycled 1 | . 1 . . . . . Recycled Matter 246 | . 246 . . . . . Retrieved Matter . | . . . . . . . Retrieved Components . | . . . . . . . Parts Scanalyzed 1 | . . . 1 . . . Part Schematics Acquired . | . . . . . . . Parts Damaged . | . . . . . . . Bothacking | -11 -10 -10 -9 -9 -7 -6 ------------ Run | Yrd Mat Min Mat Min Zio Pro Used RIF Installer . | . . . . . . . Robots Hacked . | . . . . . . . Non-combat . | . . . . . . . Combat . | . . . . . . . Robot Hacks Applied . | . . . . . . . Relay Couplers Released . | . . . . . . . Fabnet Peak Effective % . | . . . . . . . Robots Rewired . | . . . . . . . Allies Hacked . | . . . . . . . Hacks Repelled . | . . . . . . . Allies | -11 -10 -10 -9 -9 -7 -6 -------- Run | Yrd Mat Min Mat Min Zio Pro Total Allies 4 | . . . . . 4 . Largest Group 4 | . . . . . 4 4 Highest-Rated Group 150 | . . . . . 150 150 Highest-Rated Ally 40 | . . . . . 40 40 Total Orders . | . . . . . . . Ally Attacks 27 | . . . . . . 27 Total Damage 695 | . . . . . . 695 Kills 6 | . . . . . . 6 Allies Corrupted . | . . . . . . . Allies Melted . | . . . . . . . Intel | -11 -10 -10 -9 -9 -7 -6 ------- Run | Yrd Mat Min Mat Min Zio Pro Robot Analysis Total 2 | . . . 2 . . . Derelict Logs Recovered 4 | . . 2 . 1 1 . Drone Launches . | . . . . . . . Drone Recoveries . | . . . . . . . Exploration | -11 -10 -10 -9 -9 -7 -6 ------------- Run | Yrd Mat Min Mat Min Zio Pro Turns Passed 8175 | 91 1119 864 2848 1097 1376 780 Spaces Moved 4647 | 52 546 638 1217 571 1036 587 Core 12 | 11 . . 1 . . . Treads 1055 | 41 546 172 287 . . 9 Legs 2771 | . . . 586 571 1036 578 Wheels 809 | . . 466 343 . . . Hover . | . . . . . . . Flight . | . . . . . . . Fastest Speed 50 | 50 160 100 105 190 120 126 Average Speed 151 | 136 160 117 180 190 126 126 Slowest Speed 750 | 160 160 240 750 190 190 163 Overloaded Moves . | . . . . . . . Propulsion Burnouts . | . . . . . . . Robots Hopped . | . . . . . . . Cave-ins Triggered . | . . . . . . . Exploration Rate (%) 75 | 5 91 98 90 92 91 60 Regions Visited 6 Branch Regions 4 Pre-discovered Areas 2 | . . 2 . . . . Known Exits Taken 1 | . 1 . . . . . Unknown Exits Taken 5 | 1 . 1 1 1 1 . Scrap Searched 8 | . . 1 . 2 3 2 Spaces Dug . | . . . . . . . Terrain Destroyed 88 | . . . 87 . . 1 Melee . | . . . . . . . Projectile 20 | . . . 19 . . 1 AOE 68 | . . . 68 . . . Terrain Rammed . | . . . . . . . Walls Destroyed . | . . . . . . . Machines Disabled . | . . . . . . . Actions | -11 -10 -10 -9 -9 -7 -6 --------- Run | Yrd Mat Min Mat Min Zio Pro Total 5449 | 73 714 723 1644 582 1104 609 Wait 332 | 2 88 49 144 7 38 4 Move 4641 | 51 545 637 1216 570 1035 587 Hop . | . . . . . . . Pick Up 69 | 13 13 4 25 2 11 1 Fast Attach 9 | . 2 . 5 . 1 1 Attach 37 | 6 1 3 24 1 1 1 Detach 11 | . . 1 10 . . . Swap 38 | . 6 1 22 . 4 5 Drop 48 | 1 6 3 21 1 14 2 Fire 244 | . 50 18 167 1 . 8 Melee 16 | . . 7 9 . . . Ram . | . . . . . . . Kick 1 | . . . 1 . . . Crush 3 | . 3 . . . . . Escape Stasis . | . . . . . . . Rewire . | . . . . . . . Trap . | . . . . . . . Miscellaneous . | . . . . . . . Route ------- -11/Scrapyard -10/Materials (discovered 4 exits: *Mat x3 / *Min) -10/Mines (discovered 2 exits: *Mat x2) -9/Materials (discovered 7 exits: [*Mat x3] / *Min x2 / [*Sto x2]) -9/Mines (discovered 4 exits: [*Mat x2] / [*Exi] / *Zio) -7/Zion -6/Proximity Caves (discovered 1 exit: Fac) History --------- Turn | Location | Event 9 | -11/Scrapyard | Discovered new exit (range 16) 92 | -11/Scrapyard | Entered Materials 311 | -10/Materials | Build established: Mutant 381 | -10/Materials | Discovered new exit (range 16) 492 | -10/Materials | Central database locked down 657 | -10/Materials | Discovered new exit (range 16) 692 | -10/Materials | Discovered new exit (range 16) 868 | -10/Materials | Identified exit to Mines 919 | -10/Materials | Discovered new exit (range 10) 1090 | -10/Materials | Repaired Lgt. Treads 1211 | -10/Materials | Entered Mines 1226 | -10/Mines | Core integrity fell below 50% 1320 | -10/Mines | Assembled infested the area 1325 | -10/Mines | Assisted by a Guerilla fighting off Assembled 1386 | -10/Mines | Core integrity fell below 20% 1613 | -10/Mines | Learned location of Storage (-9) 1626 | -10/Mines | Discovered new exit (range 12) 1658 | -10/Mines | Discovered new exit (range 13) 1705 | -10/Mines | Learned Materials garrison access intel 1851 | -10/Mines | Received a Rocket Launcher from a helpful Derelict 1881 | -10/Mines | A weapon hastily lodged in a ceiling crevice suddenly fell to the ground 2075 | -10/Mines | Entered Materials 2075 | -9/Materials | Evolved 2 slots: Power x1, Propulsion x1 2152 | -9/Materials | Discovered new exit (range 14) 2201 | -9/Materials | Discovered new exit (range 15) 2918 | -9/Materials | Central database locked down 3004 | -9/Materials | Build established: Scavenger-Mutant 3142 | -9/Materials | Discovered new exit (range 10) 3174 | -9/Materials | Discovered new exit (range 5) 3537 | -9/Materials | Core integrity fell below 50% 3641 | -9/Materials | Discovered new exit (range 16) 3825 | -9/Materials | Discovered new exit (range 7) 3896 | -9/Materials | Repaired Lgt. Treads 4681 | -9/Materials | Core integrity fell below 20% 4858 | -9/Materials | Discovered new exit (range 9) 4923 | -9/Materials | Entered Mines 5031 | -9/Mines | A Derelict revealed a hidden shortcut to a safe place 5156 | -9/Mines | Discovered new exit (range 5) 5434 | -9/Mines | Discovered new exit (range 15) 5445 | -9/Mines | Destroyed YI-UF0 5640 | -9/Mines | Deemed a non-threat by the Exiles lab entrance 5640 | -9/Mines | Discovered new exit (range 5) 6020 | -9/Mines | Entered Zion 6346 | -7/Zion | Build established: Mutant 6435 | -7/Zion | Met Imprinter 6491 | -7/Zion | Imprinted 6493 | -7/Zion | Declared Zion's savior 6886 | -7/Zion | Learned Factory emergency access door positions 7200 | -7/Zion | Build established: Derelict-Mutant 7306 | -7/Zion | Discovered new exit (range 9) 7396 | -7/Zion | Entered Proximity Caves 7396 | -6/Proximity Caves | Accompanied by 4 allies 7397 | -6/Proximity Caves | Identified exit to Factory 7771 | -6/Proximity Caves | Spotter reported a threat 7856 | -6/Proximity Caves | Spotter reported a threat 8108 | -6/Proximity Caves | Spotted B-75 Beast 8176 | -6/Proximity Caves | Destroyed by B-75 Beast with Heavy Plasma Cannon Last Messages --------------- VTOL Module fries itself beyond repair. Lgt. Nuclear Core destroyed. HX-093(M) destroyed. Acquired Med. Treads. EG-NGR(M) destroyed. ZK-F82(M) destroyed. HW-1RX(M) destroyed. Core Shielding fries itself beyond repair. G-50 Soldier IFF system glitched. G-50 Soldier destroyed. Switching to secondary target: G-50 Soldier. Imp. Deuterium Engine fries itself beyond repair. G-50 Soldier destroyed. Carbon-fiber Leg self-destruct mechanism malfunctions. Dropped Lgt. Treads. Acquired 1 matter. Corrupted Adv. Heat Sink fries itself beyond repair. Map ----- +----------------------------------------------------+ | ???????????????????????????????## | | ????????????????????????????????#### | | ???????????????????????????????????## % | | ?????????????? ????????????????????# # | | ????????????? ????????????????????# #### % % | | ?????????????# ????????????????????# #??#####% # | | ?????????????# ??????? ##??????????# ??????# | | ?????????????# ?????? #?????????### ?????# # | | ?????????????? #???? ????????????? ?????# # | | ?????????????? #???? ?????????????? ???## # | | ?????????????? ##?? ??????????????? ##??# # | | ??????????#### ### ??????????????? #???# ## | | ?????###### ## # ???????????????? ##??## ##? | | ?????#" ""????????????????? #???# ##? | | ?????"" ##???????????????? ????# ## | | ?????""" #?????????????????????# | | ??????#" ##??? ????????????## | | ???????# ## ??????????## | | ????????# ???######## | | ????????# % #?????## | | ????????## % ### ##?????# ### | | ?????????# #####????????????# ###?? | | ?????????# ##????????????????# ###???? | | ????????## "#?????####???####### ###### | | ????????# "######## ##### ### | | ????????# ; ;; @ | | ????????## BB;;;![%= ###### | | ?????????# BB ##%== #### ##?????? | | ?????????# ;!!%% ##??## #??????? | | ?????????# !!=%%[=#### ###????## #??????? | | ?????????#######%!!%*##??### ##???????####??????? | | ???????????????#;#####?????####??????????????????? | | ???????????????##????????????????????????????????? | | ?????????????????????????????????????????????????? | | ?????????????????????????????????????????????????? | | ?????????????????????????????????????????????????? | | ?????????????????????????????????????????????????? | | ?????????????????????????????????????????????????? | | ?????????????????????????????????????????????????? | | ?????????????????????????????????????????????????? | | ?????????????????????????????????????????????????? | | ?????????????????????????????????????????????????? | | ?????????????????????????????????????????????????? | | ?????????????????????????????????????????????????? | | ?????????????????????????????????????????????????? | | ?????????????????????????????????????????????????? | | ?????????????????????????????????????????????????? | | | | | | | +----------------------------------------------------+ Best States ------------- Heat Dissipation 42 Energy Generation 24 Energy Capacity 445 Matter Stores 500 Matter Capacity 500 Sight Range 16 Terrain Scan Density 10 Armor Coverage 225 Resistance: EM 15 Evasion (%) 55 Targeting Accuracy 6 Recoil Reduction 3 Item Schematics ----------------- None Robot Schematics ------------------ None Fabricated ------------ Nothing Alien Tech Used ----------------- None Achievements -------------- I Survived The Infestation Robot Respite Safety First The One Challenges ------------ None Game ------ Seed AssemblyChipFlakker Manual? 0 Play Time 01:22:11 Cumulative 11.1 hours Start 2024.11.29 @ 20:49:12 End 2024.11.29 @ 22:36:45 Sessions 1 Manual Loads 0 Difficulty Rogue Special Mode None Game No. 12 Rogue 12 Adventurer 0 Explorer 0 Win Type - Total 0 Types 0/0/0/0/0/0/0/0/0 Lore% 8 Gallery% 15 Achievement% 16 Wizard Run 0 Options --------- Layout 1 ASCII 0 Keyboard 0 Movement Mouse Keybinds 0 Fullscreen 2 Font 24/Tamsyn Map View 50x35 Zoom Use 0% Tactical HUD 0 Map Filters NONE Filters NONE Steam 0 RUN: 54d62fda-a5e2-491c-b85f-410d630e56bb